 Dungeon Crawl Stone Soup version 0.28-a0-1213-g0243856f03 (webtiles) character file.

Game seed: 4289276228084372236

8 Syrorian the Skirmisher (level 2, -4/27 HPs)
             Began as a Minotaur Fighter on Dec 21, 2021.
             Slain by a gnoll (6 damage)
             ... on level 1 of the Dungeon.
             The game lasted 00:00:20 (27 turns).

Syrorian the Skirmisher (Minotaur Fighter)            Turns: 27, Time: 00:00:21

Health: -4/27      AC:  7    Str: 20    XL:     2   Next: 0%
Magic:  1/1        EV:  9    Int:  5    God:
Gold:   0          SH:  4    Dex:  9    Spells: 1/1 levels left

rFire   . . .      SeeInvis .   a - +0 war axe
rCold   . . .      Faith    .   c - +0 buckler
rNeg    . . .      Spirit   .   b - +0 scale mail
rPois   .          Reflect  .   (helmet restricted)
rElec   .          Harm     .   (no cloak)
rCorr   .          Rampage  .   (no gloves)
Will    .....                   (no boots)
Stlth   ..........              (no amulet)
HPRegen 0.09/turn               (no ring)
MPRegen 0.07/turn               (no ring)

@: no status effects
A: horns 2, retaliatory headbutt
a: no special abilities


You were on level 1 of the Dungeon.
You visited 1 branch of the dungeon, and saw 1 of its levels.

Inventory:

Hand Weapons
 a - a +0 war axe (weapon)
Armour
 b - a +0 scale mail (worn)
 c - a +0 buckler (worn)
Potions
 d - a potion of might


   Skills:
 + Level 4.0 Fighting
 + Level 2.4 Axes
 + Level 3.7 Armour
 + Level 3.9 Shields


You had one spell level left.
You didn't know any spells.
Your spell library was empty.

Dungeon Overview and Level Annotations

Branches:
Dungeon (1/15)

Altars:


Innate Abilities, Weirdness & Mutations

You have a pair of horns on your head.
You reflexively headbutt those who attack you in melee.


Message History

The jackal bites you but does no damage.
You closely miss the jackal. You headbutt the jackal.
You kill the jackal!
You block the jackal's attack. The gnoll hits you but does no damage.
You barely miss the jackal. The jackal barely misses you.
You block the jackal's attack.
The gnoll hits you from afar with a +0 spear.
You hit the jackal.
The jackal is almost dead.
The jackal bites you but does no damage.
You block the gnoll's attack. The jackal barely misses you.
The gnoll hits you from afar with a +0 spear!
* * * LOW HITPOINT WARNING * * *
You hit the jackal.
You kill the jackal!
You block the gnoll's attack. The kobold hits you but does no damage.
You hit the kobold but do no damage. The gnoll hits you but does no damage.
You block the kobold's attack.
You slash the kobold!
You kill the kobold!
The gnoll hits you from afar with a +0 spear.
* * * LOW HITPOINT WARNING * * *
The gnoll hits you but does no damage.
You slash the giant cockroach!
You kill the giant cockroach!
The dart slug launches a dart at you. The slug dart hits you.
* * * LOW HITPOINT WARNING * * *
The gnoll hits you but does no damage.
Your Fighting skill increases to level 4!
You have reached level 2!
There is a staircase leading out of the dungeon here.
Found 3 gold pieces.
The gnoll barely misses you. You block the gnoll's attack.
An endoplasm comes into view.
Found a spear.
The endoplasm quivers.
The gnoll hits you from afar with a +0 spear.
You die...

.........# .........###
...........##
............ #.........#
#........# ####
#........#####..###
#.....$..)><.wg...##
#........#####..@..#
.........# #..........
###...............##...#
.........########.$ J..
........... ... ..
..........## .... )
#........## .... ####


You could see a gnoll, a dart slug and an endoplasm.

Vanquished Creatures
  An endoplasm (D:1)
  A giant cockroach (D:1)
  3 jackals (D:1)
  A bat (D:1)
  A kobold (D:1)
7 creatures vanquished.

Notes
Turn   | Place    | Note
-------+----------+-------------------------------------------
     0 | D:1      | Syrorian the Minotaur Fighter began the quest for the Orb.
     0 | D:1      | Reached XP level 1. HP: 19/19 MP: 0/0
    18 | D:1      | HP: 1/20 [dart slug/slug dart (2)]
    19 | D:1      | Reached skill level 4 in Fighting
    19 | D:1      | Reached XP level 2. HP: 1/27 MP: 1/1
    27 | D:1      | Slain by a gnoll

Illustrated notes

Levels and vault maps discovered:
D:1:      dpeg_arrival_tiny_j, layout_rooms, minmay_pentomino_o4

Skill      XL: |  1 |
---------------+----+-----
Fighting       | 4 |  4.0
Axes           | |  2.4
Armour         | |  3.7
Shields        | |  3.9

Action                   || total
-------------------------++-------
Melee: War axe           ||    10
       Headbutt          ||     1
Armor: Scale mail        ||    11
Dodge: Dodged            ||     6
Block: Buckler           ||     9

Table legend: (Time is in decaauts)
 A = Elapsed time spent in this place.
 B = Non-inter-level travel time spent in this place.
 C = Inter-level travel time spent in this place.
 D = Time resting spent in this place.
 E = Time spent auto-exploring this place.
 F = Levels seen in this place.
 G = Mean time per level.
                   A        B        C        D        E       F      G
               +--------+--------+--------+--------+--------+-----+--------+
         Total |     30 |     30 |      0 |      0 |      0 |   1 |   30.0 |
       Dungeon |     30 |     30 |      0 |      0 |      0 |   1 |   30.0 |
               +--------+--------+--------+--------+--------+-----+--------+

Top non-repeatable levels by time:
     D:1: 30 daAuts
